Map: Glace et chrome EC

Players

Creature

  • Race: Protoss Protoss
  • Spawn Location: 1:00

FireFoX - Winner!

  • Race: Zerg Zerg
  • Spawn Location: 7:00

Event: DreamHack SC2 Masters 2020 Summer North America

VOD

Have the link to the VOD?

Description

Time

  • Played on: July 5, 2020, 2:31 p.m.
  • Length: 6:27

All games in this series

Show
View Real Time Build Order
Export as new Build Order

Creature Protoss 

Build Orders:  

Get SALT Encoding   

  12  0:00  Probe  
  13  0:14  Probe  
  14  0:22  Pylon  
  14  0:27  Probe  
  15  0:38  Probe  
  16  0:43  Gateway  
  16  0:46  Probe  
  16  0:54  Probe  
  16  0:55  Assimilator  
  18  1:06  Probe  
  19  1:18  Probe  
  20  1:30  Cybernetics Core  
  20  1:31  Zealot  
  22  1:35  Pylon  
  22  1:41  Probe  
  23  1:57  Nexus  
  23  1:59  Adept  
  23  2:05  Warp Gate  
  23  2:13  Gateway  
  24  2:20  Shield Battery  
  24  2:29  Probe  
  25  2:31  Assimilator  
  25  2:34  Sentry  
  27  2:41  Probe  
  28  2:51  Pylon  
  28  2:53  Probe  
  29  3:00  Stalker  
  31  3:08  Stalker  
  31  3:09  Probe  
  31  3:10  Probe  
  35  3:17  Shield Battery  
  35  3:22  Probe  
  36  3:28  Probe  
  37  3:35  Robotics Facility  
  37  3:36  Probe  
  38  3:49  Probe  
  39  3:57  Sentry, Stalker  
  39  3:58  Probe  
  39  4:01  Probe  
  45  4:10  Probe  
  45  4:13  Probe  
  45  4:14  Pylon  
  47  4:22  Pylon  
  47  4:23  Zealot x2  
  45  4:26  Immortal  
  38  4:55  Probe  
  39  5:05  Assimilator  
  39  5:11  Warp Prism, Probe  
  40  5:23  Assimilator, Probe  
  41  5:39  Zealot x2  
  25  5:55  Probe  
  20  5:59  Adept x2  
  24  6:07  Probe  
  26  6:20  Zealot x2  
Show
View Real Time Build Order
Export as new Build Order

FireFoX Zerg - Winner!

Build Orders: Pool First 

Get SALT Encoding   

  12  0:01  Drone  
  13  0:08  Drone  
  14  0:16  Overlord  
  14  0:21  Extractor  
  14  0:22  Drone  
  15  0:35  Drone x2  
  17  0:37  Extractor  
  16  0:44  Drone  
  17  0:52  Spawning Pool  
  17  0:55  Drone  
  17  1:29  Hatchery  
  16  1:39  Metabolic Boost, Zergling x6  
  19  1:49  Queen  
  21  1:57  Zergling x2  
  22  2:12  Overlord  
  22  2:26  Lair  
  22  2:30  Zergling x4  
  22  2:33  Zergling x2  
  25  2:43  Queen  
  27  2:45  Zergling x2  
  27  2:46  Zergling x2  
  29  2:52  Zergling x2  
  30  3:03  Zergling x4  
  32  3:07  Zergling x2  
  33  3:15  Zergling x2  
  33  3:16  Zergling x2  
  35  3:23  Nydus Network  
  34  3:27  Spore Crawler  
  33  3:37  Zergling x2  
  34  3:42  Zergling x2  
  35  3:49  Zergling x2  
  36  3:59  Nydus Canal  
  36  4:01  Overlord  
  36  4:25  Overlord  
  34  4:35  Drone x2  
  35  4:39  Hydralisk Den  
  34  4:48  Drone x4  
  38  4:58  Drone  
  38  4:59  Drone  
  40  5:00  Drone  
  41  5:10  Nydus Canal  
  41  5:20  Drone x2  
  42  5:38  Hydralisk x2  
  42  5:41  Extractor  
  38  5:45  Drone x3  
  36  5:57  Hydralisk  
  40  6:08  Zergling x6  
Tags
 
Add a new tag
Caveats
  • Supply blocks, unpowered buildings, or Contaminate may cause inaccurate times.
  • Supply counts are checked every 10 seconds.